 Dungeon Crawl Stone Soup version 0.18.1-48-g4cf74bf (webtiles) character file.

38 Inkary the Skirmisher (level 3, -8/24 HPs)
             Began as a Gargoyle Fighter on July 20, 2016.
             Killed by nerve-wracking pain
             ... invoked by Jessica
              (12 damage)
             ... on level 2 of the Dungeon.
             The game lasted 00:01:31 (886 turns).

Inkary the Skirmisher (Gargoyle Fighter)             Turns: 886, Time: 00:01:32

Health: -8/24      AC: 10    Str: 20    XL:     3   Next: 43%
Magic:  3/3        EV:  7    Int:  8    God:
Gold:   73         SH:  9    Dex:  9    Spells: 0 memorised, 2 levels left

rFire  . . .     SeeInvis .     a - +0 flail
rCold  . . .     Gourm    .     k - +0 scale mail (curse)
rNeg   + . .     Faith    .     c - +0 shield
rPois  ∞         Spirit   .     (no helmet)
rElec  +         Dismiss  .     (no cloak)
rCorr  .         Reflect  .     (no gloves)
SustAt .         Harm     .     (no boots)
MR     .....                    (no amulet)
Stlth  ..........               (no ring)
                                (no ring)

@: slowed, very slow, not resistant to hostile enchantments, extremely
unstealthy
A: negative energy resistance 1, electricity resistance, unbreathing,
petrification resistance, rot immunity, AC +3
a: no special abilities


You were on level 2 of the Dungeon.
You were not hungry.

You visited 1 branch of the dungeon, and saw 2 of its levels.

You collected 73 gold pieces.

Inventory:

Hand Weapons
 a - a +0 flail (weapon)
Armour
 c - a +0 shield (worn)
 k - a cursed +0 scale mail (worn)
Jewellery
 l - an uncursed ring of stealth {unknown}
Scrolls
 e - 2 scrolls of immolation {unknown}
 m - 4 scrolls of identify {unknown}
 n - a scroll of teleportation {unknown}
Potions
 d - a potion of might
 h - 3 potions of curing {unknown}
 i - a potion of mutation {unknown}
 o - a potion of magic {unknown}
Comestibles
 b - a slice of pizza
 f - 2 bread rations
 g - 5 fruits


   Skills:
 + Level 4.1 Fighting
 + Level 2.4 Maces & Flails
 + Level 3.7 Armour
 - Level 3.2 Shields


You had 2 spell levels left.
You didn't know any spells.

Dungeon Overview and Level Annotations

Branches:
Dungeon (2/15)

Altars:

Annotations:
D:2 Jessica


Innate Abilities, Weirdness & Mutations

You are resistant to torment.
Your stone body is resilient (AC +3).
You are immune to poison.
You resist negative energy.
You are resistant to electric shocks.
You can survive without breathing.
You are immune to petrification.
You are immune to rotting.


Message History

You barely resist.
Jessica points at you and mumbles some strange words.
You feel yourself slow down.
You hit Jessica.
Jessica is heavily wounded.
Jessica points at you and mumbles some strange words.
Pain shoots through your body!
* * * LOW HITPOINT WARNING * * *
Jessica hits you but does no damage.
You are too injured to fight recklessly!
You are too injured to fight recklessly!
You hit Jessica.
Jessica is severely wounded.
Jessica barely misses you. Jessica hits you but does no damage.
You closely miss Jessica.
Jessica is severely wounded.
Jessica gestures at you while chanting. Pain shoots through your body!
Ouch! That really hurt!
You die...

#.##########.# #.#
#.# #.# #.# ###.#
##.## #...# #...#
###.###########.#.#
....##.......##...#
######.......###.##
# #.......# #@# ###
#.......# #@# ..#
#.......# #.# ..#
#.......# #.. ..##
#.......# ### ...#
#.......#
..####.......#####
..##..............
..##.#.##.##.#####


You could see Jessica.

Vanquished Creatures
  A gnoll (D:1)
  An adder (D:2)
  A worm (D:2)
  A giant gecko (D:2)
  2 giant cockroaches (D:1)
  2 goblins (D:1)
  A hobgoblin (D:1)
  3 bats
  3 giant newts
  A kobold (D:1)
  A rat (D:1)
17 creatures vanquished.

Notes
Turn   | Place    | Note
--------------------------------------------------------------
     0 | D:1      | Inkary the Gargoyle Fighter began the quest for the Orb.
     0 | D:1      | Reached XP level 1. HP: 14/14 MP: 1/1
   303 | D:1      | Reached XP level 2. HP: 16/19 MP: 2/2
   605 | D:2      | Reached skill level 4 in Fighting
   605 | D:2      | Reached XP level 3. HP: 20/24 MP: 3/3
   879 | D:2      | Noticed Jessica
   886 | D:2      | Killed from afar by Jessica

Skill      XL: |  1  2 |
---------------+-------+-----
Fighting       | 4 |  4.1
Maces & Flails | |  2.4
Armour         | |  3.7
Shields        | |  3.2

Action                   || total
-------------------------++-------
Melee: Flail             ||    75
Armor: Scale mail        ||    24
Dodge: Dodged            ||    14
Block: Shield            ||    41
